 Dungeon Crawl Stone Soup version 0.30.1-6-gbe392663c4 (webtiles) character file.

Game seed: 4948473987126463611

567 Ivernyr the Twirler (level 7, -1/55 HPs)
             Began as a Formicid Fighter on Sept 20, 2023.
             Succumbed to an orc's poison
             ... on level 5 of the Dungeon.
             The game lasted 00:06:06 (3466 turns).

Ivernyr the Twirler (Formicid Fighter)              Turns: 3466, Time: 00:06:07

Health: -1/55      AC:  7    Str: 22    XL:     7   Next: 59%
Magic:  7/7        EV: 10    Int:  8    God:
Gold:   159        SH:  5    Dex: 13    Spells: 6/6 levels left

rFire   + . .        a - +0 quarterstaff
rCold   . . .        c - +0 buckler
rNeg    . . .        b - +0 scale mail
rPois   .            (helmet unavailable)
rElec   .            (no cloak)
rCorr   +            (no gloves)
SInv    +            (no boots)
Will    .....        (no amulet) Stlth
                     j - ring of protection from fire
HPRegen 0.29/turn    o - ring of resist corrosion
MPRegen 0.10/turn

%: no passive effects
@: lethally poisoned (-1 -> -21), attractive
A: permanent stasis, dig shafts and tunnels, antennae 3, four strong arms
a: Dig, Shaft Self


You were on level 5 of the Dungeon.
You visited 1 branch of the dungeon, and saw 5 of its levels.

You collected 159 gold pieces.

Inventory:

Hand Weapons
 a - a +0 quarterstaff (weapon)
Armour
 b - a +0 scale mail (worn)
 c - a +0 buckler (worn)
Jewellery
 j - a ring of protection from fire (left hand)
 o - a ring of resist corrosion (right hand)
Wands
 n - a wand of light (8)
Scrolls
 e - 6 scrolls of identify {unknown}
 f - a scroll of magic mapping {unknown}
 h - 5 scrolls of teleportation {unknown}
 k - 2 scrolls of noise {unknown}
 m - 2 scrolls of enchant armour {unknown}
 s - a scroll of immolation {unknown}
 t - a scroll of summoning {unknown}
 u - a scroll of amnesia {unknown}
Potions
 d - 3 potions of might
 g - a potion of resistance {unknown}
 i - a potion of attraction
 l - a potion of degeneration {unknown}
 p - a potion of experience {unknown}
 q - a potion of berserk rage {unknown}
 r - a potion of curing {unknown}


   Skills:
 + Level 4.9 Fighting
 * Level 5.1 Staves
 + Level 4.9 Armour
 + Level 2.8 Dodging
 - Level 4.0 Shields


You had 6 spell levels left.
You didn't know any spells.
Your spell library contained the following spells:

 Spells                   Type           Power      Damage    Failure   Level
 Summon Small Mammal      Summ           0%         N/A       78%         1
 Ensorcelled Hibernation  Hex/Ice        0%         N/A       89%         2
 Call Canine Familiar     Summ           0%         N/A       98%         3
 Spider Form              Tmut/Pois      0%         N/A       98%         3
 Summon Guardian Golem    Hex/Summ       0%         N/A       98%         3
 Anguish                  Hex/Necr       0%         N/A       100%        4


Dungeon Overview and Level Annotations

Branches:
Dungeon (5/15)
 Temple: D:4-7

Altars:


Innate Abilities, Weirdness & Mutations

You cannot be hasted, slowed, berserked, paralysed or teleported.
You can dig through walls and to a lower floor.
You have a pair of large antennae on your head. (SInv)
Your four strong arms can wield two-handed weapons with a shield.


Message History

The orc hits you with a +0 short sword. The orc completely misses you.
Unknown command.
You bump into the rock wall.
You feel less confused.
You feel sick. The orc wizard casts a spell at you. The puff of flame hits you.
You resist. You block the orc's attack. x2
You hit the orc wizard but do no damage.
The orc wizard is almost dead.
You feel sick. The orc wizard barely misses you.
The orc hits you with a +0 short sword.
* * * LOW HITPOINT WARNING * * *
You block the orc's attack. The orc wizard closely misses you.
Unknown command.
You barely miss the orc wizard.
The orc wizard is almost dead.
You feel sick.
The orc wizard hits you but does no damage.
The orc hits you but does no damage. You block the orc's attack.
It was a potion of attraction.
You feel attractive to monsters.
You feel sick.
The orc wizard gestures at you while chanting.
The magic dart hits you.
* * * LOW HITPOINT WARNING * * *
The orc barely misses you.
The orc hits you with a +0 whip of venom.
* * * LOW HITPOINT WARNING * * *
You are lethally poisoned!
You closely miss the orc wizard.
The orc wizard is almost dead.
* * * LOW HITPOINT WARNING * * *
You feel very sick. The orc wizard casts a spell at you.
You easily resist.
The orc barely misses you. The orc hits you but does no damage.
You are more poisoned.
You hit the orc wizard.
You kill the orc wizard!
You die...

#. .. #. .# #. .#
#.#. #... #..# #
#o)# .# #@###.#
#.o...# #### ##..#.#
#. {...# #..#.##
#.#####.######.....#
................#.#
#........#####>..##
.#............###
##.....#####.#


You could see 2 orcs.

Vanquished Creatures
  An ogre (D:3)
  A scorpion (D:4)
  2 hounds (D:4)
  An orc priest (D:5)
  4 iguanas
  Jessica (D:2)
  Ijyb (D:3)
  A sleepcap (D:4)
  An orc wizard (D:5)
  Robin (D:3)
  4 adders
  3 worms
  A dart slug (D:1)
  6 orcs
  A ball python (D:2)
  10 endoplasms
  2 giant cockroaches
  14 goblins
  13 hobgoblins
  3 jackals (D:2)
  6 kobolds
  3 quokkas
  5 bats
  A frilled lizard (D:1)
  8 rats
94 creatures vanquished.

Notes
Turn   | Place    | Note
-------+----------+-------------------------------------------
     0 | D:1      | Ivernyr the Formicid Fighter began the quest for the Orb.
     0 | D:1      | Reached XP level 1. HP: 18/18 MP: 1/1
    40 | D:1      | Reached XP level 2. HP: 23/24 MP: 2/2
   225 | D:1      | Reached XP level 3. HP: 27/29 MP: 3/3
   548 | D:2      | Reached skill level 1 in Dodging
   664 | D:2      | Reached XP level 4. HP: 34/37 MP: 4/4
   698 | D:2      | Reached skill level 3 in Staves
  1137 | D:2      | Noticed Jessica
  1151 | D:2      | Killed Jessica
  1152 | D:2      | Reached XP level 5. HP: 40/42 MP: 5/5
  1466 | D:3      | Noticed Ijyb
  1466 | D:3      | Noticed Robin
  1502 | D:3      | Killed Ijyb
  1508 | D:3      | Killed Robin
  1942 | D:4      | Reached skill level 4 in Staves
  1942 | D:4      | Reached XP level 6. HP: 19/48 MP: 6/6
  2118 | D:4      | Noticed an ogre
  2148 | D:3      | Killed an ogre
  2491 | D:4      | Reached XP level 7. HP: 32/55 MP: 7/7
  3152 | D:4      | Reached skill level 5 in Staves
  3322 | D:5      | Entered Level 5 of the Dungeon
  3466 | D:5      | Succumbed to an orc's poison

Illustrated notes

Levels and vault maps discovered:
D:1:      psy_arrival_basics, layout_rooms, minmay_misc_feat_encased
D:2:      layout_loops_ring, kennysheep_generic_room_2, uniq_jessica
D:3:      layout_basic, minmay_statues_item, nicolae_goblin_pals
D:4:      layout_gridville
D:5:      layout_loops_ring, kennysheep_mini_moat,
          nemelex_xobeh_ov_fountains_minmay, minmay_fountain_box,
          minmay_misc_feat_room, kennysheep_small_spiral, dk_noncrumbling_3,
          kennysheep_big_empty_room, wad_rectangle_vault, uniq_grinder

Skill      XL: |  1  2  3  4  5  6  7 |
---------------+----------------------+-----
Dodging        | 1 2 |  2.8
Staves         | 3 4 5 |  5.1
Armour         | 4 |  4.9
Fighting       | 4 |  4.9
Shields        | |  4.0

Action                     |  1- 3 |  4- 6 |  7- 9 || total
---------------------------+-------+-------+-------++-------
  Melee: Quarterstaff      |    92 |   166 |    76 ||   334
    Use: Potion            |       |       |     1 ||     1
 Armour: Scale mail        |    33 |    66 |    27 ||   126
  Dodge: Dodged            |    47 |    77 |    41 ||   165
  Block: Buckler           |    18 |    39 |    16 ||    73
